 Dungeon Crawl Stone Soup version 0.23.1 (webtiles) character file.

Game seed: 10179875979891774736

180 dengdeng the Skirmisher (level 5, -5/47 HPs)
             Began as a Minotaur Berserker on Mar 12, 2019.
             Was a Believer of Trog.
             Slain by Sigmund
             ... wielding a +3 vampiric scythe
              (6 damage)
             ... on level 3 of the Dungeon.
             The game lasted 00:06:43 (2297 turns).

dengdeng the Skirmisher (Minotaur Berserker)        Turns: 2297, Time: 00:06:44

Health: -5/47      AC: 12    Str: 23    XL:     5   Next: 33%
Magic:  4/4        EV:  5    Int:  4    God:    Trog [**....]
Gold:   106        SH:  8    Dex:  9    Spells: 4/4 levels left

rFire    . . .     SeeInvis .   a - +0 hand axe
rCold    . . .     Gourm    .   j - +0 shield
rNeg     . . .     Faith    .   g - +0 plate armour
rPois    .         Spirit   .   (helmet restricted)
rElec    .         Reflect  .   (no cloak)
rCorr    .         Harm     .   o - +0 pair of gloves
MR       .....                  (no boots)
Stlth    ..........             (no amulet)
HPRegen  0.15/turn              (no ring)
MPRegen  0.09/turn              (no ring)

@: berserk cooldown
A: retaliatory headbutt, horns 2
a: Berserk, Trog's Hand, Renounce Religion


You were on level 3 of the Dungeon.
You worshipped Trog.
Trog was pleased with you.
You were near starving.

You visited 1 branch of the dungeon, and saw 3 of its levels.

You collected 106 gold pieces.

Inventory:

Hand Weapons
 a - a +0 hand axe (weapon)
 h - a +0 mace of protection
Missiles
 p - 2 tomahawks (quivered)
Armour
 g - a +0 plate armour (worn)
 j - a +0 shield (worn)
 o - a +0 pair of gloves (worn)
Jewellery
 d - an uncursed ring of poison resistance {unknown}
Wands
 r - a wand of disintegration (8)
Scrolls
 b - 3 scrolls of identify {unknown}
 e - a scroll of fog {unknown}
 f - 2 scrolls of teleportation {unknown}
 s - a scroll of noise {unknown}
 t - a scroll of remove curse {unknown}
Potions
 i - a potion of agility {unknown}
 k - a potion of curing {unknown}
 l - a potion of ambrosia {unknown}
 m - 3 potions of flight {unknown}
 q - a potion of magic {unknown}
Comestibles
 c - 9 rations
 n - 2 chunks of flesh


   Skills:
 + Level 4.7 Fighting
 + Level 4.2(4.4) Axes
 + Level 2.0(3.3) Maces & Flails
 + Level 4.0 Armour
 + Level 2.9 Dodging
 + Level 0.1 Stealth
 + Level 2.0 Shields


You had 4 spell levels left.
You didn't know any spells.
Your spell library was empty.

Dungeon Overview and Level Annotations

Branches:
Dungeon (3/15)

Altars:
Nemelex Xobeh
Yredelemnul

Annotations:
D:3 Sigmund


Innate Abilities, Weirdness & Mutations

You reflexively headbutt those who attack you in melee.
You have a pair of horns on your head.


Message History

Press: ? - help, Shift-Dir - straight line The orc is blasted!
You blow up the orc!
Trog accepts your kill.
You hit the orc but do no damage. You block the orc's attack.
Your shield and plate armour prevent you from hitting the orc.
Your headbutt misses the orc. You block something's attack.
The orc hits you with a +0 short sword.
* * * LOW HITPOINT WARNING * * *
You slash the orc!
You kill the orc!
Trog accepts your kill.
Your base Maces & Flails skill increases to level 2!
Something hits you but does no damage.
Unknown command.
Okay, then.
Aiming: Disintegrate
Press: ? - help, Shift-Dir - straight line Nothing appears to happen.
Something hits you.
You die...

#.# #)# #............# #
#.#######.## #............####'#
.>.........###.......(.%...$....
#########..............)........
##.#####.#####.......... #.##
#.# #..(....... #..# #{#
########### ##.## #)# #..###@##
##.#....# #.#....# #..)...#
###### ##.##'## .....# #.##.#
.....# #..#.# ########## .....#
##.#.# #........# .....#
####.#.# #........#


There were no monsters in sight!

Vanquished Creatures
  Terence (D:3)
  An orc wizard (D:3)
  4 gnolls (D:3)
  2 adders
  A worm (D:2)
  5 dart slugs
  3 leopard geckos
  8 orcs (D:3)
  2 ball pythons (D:2)
  5 goblins
  2 hobgoblins (D:1)
  3 jackals (D:1)
  A quokka (D:3)
  A bat (D:3)
  A frilled lizard (D:2)
  8 kobolds
  7 rats
55 creatures vanquished.

Notes
Turn   | Place    | Note
-------+----------+-------------------------------------------
     0 | D:1      | dengdeng the Minotaur Berserker began the quest for the
                  | Orb.
     0 | D:1      | Reached XP level 1. HP: 19/19 MP: 0/0
   232 | D:1      | Reached XP level 2. HP: 23/27 MP: 1/1
  1205 | D:2      | Reached XP level 3. HP: 27/33 MP: 2/2
  1251 | D:2      | Reached ** piety under Trog
  1339 | D:2      | Found a sparkling altar of Nemelex Xobeh.
  1698 | D:2      | Found a basalt altar of Yredelemnul.
  1807 | D:3      | Reached XP level 4. HP: 37/41 MP: 3/3
  1810 | D:3      | Reached skill level 1 in Maces & Flails
  1977 | D:3      | Noticed Terence
  1983 | D:3      | Killed Terence
  1983 | D:3      | Reached XP level 5. HP: 47/47 MP: 4/4
  2109 | D:3      | Reached skill level 1 in Shields
  2244 | D:3      | Noticed Sigmund
  2295 | D:3      | HP: 1/47 [orc/+0 short sword (3)]
  2297 | D:3      | Slain by Sigmund

Skill      XL: |  1  2  3  4  5 |
---------------+----------------+-----
Fighting       | 4 |  4.7
Axes           | 4 |  4.2
Armour         | 3 4 |  4.0
Maces & Flails | 1 2 |  2.0
Shields        | 2 |  2.0
Dodging        | |  2.9
Stealth        | |  0.1

Action                   |  1- 3 |  4- 6 || total
-------------------------+-------+-------++-------
Melee: Hand axe          |    39 |    25 ||    64
       Mace              |    61 |    68 ||   129
       Headbutt          |    17 |    13 ||    30
Invok: Berserk           |       |     1 ||     1
Evoke: Wand              |       |     2 ||     2
  Eat: Chunk             |     3 |     1 ||     4
Armor: Chain mail        |    31 |       ||    31
       Plate armour      |    34 |    90 ||   124
Dodge: Dodged            |    25 |    23 ||    48
Block: Shield            |    26 |    42 ||    68
